 Dungeon Crawl Stone Soup version 0.32-a0-576-g706899e69d (webtiles) character file.

Game seed: 13945748938477635060

95 Dittersdorf the Trooper (level 4, 0/29 HPs)
             Began as a Gargoyle Fighter on Mar 1, 2024.
             Constricted to death by a ball python (1 damage)
             ... on level 3 of the Dungeon.
             The game lasted 00:01:49 (2227 turns).

Dittersdorf the Trooper (Gargoyle Fighter)          Turns: 2227, Time: 00:01:49

Health: 0/29       AC: 15    Str: 22    XL:     4   Next: 66%
Magic:  0/4        EV: -1    Int:  8    God:
Gold:   216        SH:  4    Dex:  9    Spells: 3/3 levels left

rFire   . . .        a - +0 flail
rCold   + . .        c - +0 buckler
rNeg    + . .        r - +0 chain mail
rPois   ∞            (no helmet)
rElec   +            n - +0 cloak
rCorr   .            (no gloves)
SInv    .            i - +0 pair of boots
Will    .....        m - amulet of guardian spirit Stlth
                     g - ring of protection from cold
HPRegen 0.24/turn    (no ring)
MPRegen 0.09/turn

%: guardian spirit
@: constricted
A: sickness immunity, AC +3, negative energy resistance 1, electricity
resistance, torment resistance 1, petrification resistance
a: no special abilities


You were on level 3 of the Dungeon.
You visited 1 branch of the dungeon, and saw 4 of its levels.

You collected 216 gold pieces.

Inventory:

Hand Weapons
 a - a +0 flail (weapon)
Armour
 c - a +0 buckler (worn)
 i - a +0 pair of boots (worn)
 n - a +0 cloak (worn)
 r - a +0 chain mail (worn)
Jewellery
 g - a ring of protection from cold (left hand)
 m - an amulet of guardian spirit (around neck)
Scrolls
 h - a scroll of teleportation {unknown}
 k - a scroll of identify {unknown}
 l - a scroll of vulnerability {unknown}
 q - a scroll of brand weapon {unknown}
Potions
 d - a potion of might
 e - a potion of haste {unknown}
 f - 2 potions of lignification {unknown}
 j - 2 potions of attraction {unknown}
 o - a potion of berserk rage {unknown}
 p - a potion of ambrosia {unknown}


   Skills:
 + Level 4.1 Fighting
 + Level 2.8 Maces & Flails
 + Level 4.0 Armour
 + Level 4.0 Shields


You had 3 spell levels left.
You didn't know any spells.
Your spell library contained the following spells:

 Spells                   Type           Power      Damage    Failure   Level
 Sandblast                Erth           0%         2d4       98%         1
 Call Canine Familiar     Summ           0%         N/A       100%        3
 Passwall                 Erth           0%         N/A       100%        3
 Sigil of Binding         Hex            0%         N/A       100%        3
 Stone Arrow              Conj/Erth      0%         3d7       100%        3
 Summon Ice Beast         Ice/Summ       0%         N/A       100%        3
 Brom's Barrelling Bould  Conj/Erth      0%         2d3       100%        4
 Dimensional Bullseye     Hex/Tloc       0%         N/A       100%        4
 Summon Mana Viper        Hex/Summ       0%         N/A       100%        5
 Monstrous Menagerie      Summ           0%         N/A       100%        7


Dungeon Overview and Level Annotations

Branches:
Dungeon (4/15)
 Temple: D:4-7

Altars:


Innate Abilities, Weirdness & Mutations

You are immune to sickness and miasma.
Your stone body is resilient. (AC +3)
You are immune to poison.
You resist negative energy. (rN+)
You are resistant to electric shocks. (rElec)
You are resistant to unholy torment.
You are immune to petrification.


Message History

The ball python constricts you. The adder bites you but does no damage.
The orc hits you with a +0 flail.
* * * LOW HITPOINT WARNING * * *
You barely miss the adder.
The adder is heavily wounded.
The ball python bites you but does no damage.
The ball python constricts you. You block the adder's attack.
You block the orc's attack.
The ball python bites you but does no damage.
The ball python constricts you. The adder bites you but does no damage.
You miss the adder.
The adder is heavily wounded.
The orc hits you but does no damage. The adder bites you but does no damage.
The ball python bites you but does no damage.
The ball python constricts you.
You barely miss the adder.
The adder is heavily wounded.
The adder bites you but does no damage.
The ball python bites you but does no damage.
The ball python constricts you.
* * * LOW HITPOINT WARNING * * *
The orc hits you but does no damage. The adder bites you but does no damage.
You block the ball python's attack. The ball python constricts you.
You block the orc's attack.
You closely miss the adder.
The adder is moderately wounded.
The adder bites you.
* * * LOW HITPOINT WARNING * * *
The ball python bites you but does no damage.
The ball python constricts you. The orc hits you but does no damage.
The adder bites you but does no damage.
You closely miss the adder.
The adder is moderately wounded.
The ball python bites you but does no damage.
The ball python constricts you. The adder bites you.
* * * LOW HITPOINT WARNING * * *
The orc hits you but does no damage.
The ball python bites you but does no damage.
The ball python constricts you.
You die...

...#..######....#................
......#.........#(...............
##.#.##...)######.....~~~~..#..#.
##.#.##÷#########....ß~~~~..#....
......................~~~~..#....
.#.#.##.....#####......".........
.#.#.#.............##.......#..#.
.#.#.##..###.####................
...............S@o.............#.
.#.#.###.###....#S.#..###'###..#.
...........#....#................
...#.##..#.#....#..#..###.###..#.
...#.##.........#.........#......
.....##......#........###.#.#....
.....##........................#.
....).......................##.#|
.............####..#..###...##.#.


You could see an adder, an orc and a ball python.

Vanquished Creatures
  4 adders
  4 orcs (D:3)
  5 bats
  6 endoplasms
  2 giant cockroaches (D:1)
  8 goblins
  6 hobgoblins
  6 quokkas
  2 ball pythons
  2 kobolds
  5 rats
50 creatures vanquished.

Notes
Turn   | Place    | Note
-------+----------+-------------------------------------------
     0 | D:1      | Dittersdorf the Gargoyle Fighter began the quest for the
                  | Orb.
     0 | D:1      | Reached XP level 1. HP: 14/14 MP: 1/1
   104 | D:1      | Reached XP level 2. HP: 19/19 MP: 2/2
   669 | D:1      | Reached XP level 3. HP: 24/24 MP: 3/3
  1082 | D:2      | Reached XP level 4. HP: 25/29 MP: 4/4
  1306 | D:3      | Found a faded altar of an unknown god.
  2227 | D:3      | HP: 1/29 [adder (2)]
  2227 | D:3      | Constricted to death by a ball python

Illustrated notes

Levels and vault maps discovered:
D:1:      minmay_arrival_arboretum_large, layout_basic
D:2:      layout_rooms
D:3:      minmay_angry_zag, layout_basic, basic_ecumenical_altar,
          nrook_loot_triangle, serial_park_tiny_pond
D:4:      layout_cave_pools, gammafunk_ghost_necromancy,
          uniq_crazy_yiuf_cottage, uniq_robin, uniq_blork_the_orc, uniq_natasha

Skill      XL: |  1  2  3  4 |
---------------+-------------+-----
Fighting       | 4 |  4.1
Armour         | 4 |  4.0
Shields        | 4 |  4.0
Maces & Flails | |  2.8

Action                     |  1- 3 |  4- 6 || total
---------------------------+-------+-------++-------
  Melee: Flail             |   125 |    55 ||   180
 Armour: Scale mail        |   139 |     7 ||   146
         Chain mail        |       |   130 ||   130
  Dodge: Dodged            |    71 |    24 ||    95
  Block: Buckler           |    29 |    21 ||    50

Table legend: (Time is in decaauts)
 A = Elapsed time spent in this place.
 B = Non-inter-level travel time spent in this place.
 C = Inter-level travel time spent in this place.
 D = Time resting spent in this place.
 E = Time spent auto-exploring this place.
 F = Levels seen in this place.
 G = Mean time per level.
                   A        B        C        D        E       F      G
               +--------+--------+--------+--------+--------+-----+--------+
         Total |   2283 |   2122 |    161 |     74 |   1562 |   4 |  570.8 |
       Dungeon |   2283 |   2122 |    161 |     74 |   1562 |   4 |  570.8 |
               +--------+--------+--------+--------+--------+-----+--------+

Top non-repeatable levels by time:
     D:3: 1050 daAuts
     D:1: 759 daAuts
     D:2: 466 daAuts
     D:4: 7 daAuts
